 Dungeon Sprint DCSS version 0.17-a0-1337-ge651487 (webtiles) character file.

56 Kidiri the Sneak (level 3, -2/16 HPs)
             Began as a Spriggan Enchanter on June 10, 2015.
             Slain by a human (8 damage)
             ... in the Dungeon (Sprint III: "The Ten Rune Challenge").
             The game lasted 00:01:52 (153 turns).

Kidiri the Sneak (Spriggan Enchanter)                Turns: 153, Time: 00:01:52

Health: -2/16      AC:  3    Str:  4    XL:     3   Next: 71%
Magic:  0/10       EV: 20    Int: 16    God:
Gold:   4          SH:  0    Dex: 17    Spells: 2 memorised, 9 levels left

rFire  . . .     SeeInvis +     a - +1 dagger
rCold  . . .     Clarity  .     b - +1 robe
rNeg   . . .     SustAt   .     (shield restricted)
rPois  .         Gourm    .     (helmet restricted)
rElec  .         Spirit   .     (no cloak)
rCorr  .         Warding  .     (gloves unavailable)
rMut   .         NoTele   +     (boots unavailable)
MR     .....                    (no amulet)
Stlth  ++++......               (no ring)
                                (no ring)

@: very quick, not resistant to hostile enchantments, stealthy
A: unfitting armour, see invisible, herbivore 3, speed 3, slow metabolism 2
a: no special abilities


You were in the Dungeon.
You were not hungry.

You visited 1 branch You collected 4 gold pieces.

Inventory:

Hand weapons
 a - a +1 dagger (weapon)
 m - a +4 quarterstaff of chaos
Armour
 b - a +1 robe (worn)
 n - a +0 cloak
Scrolls
 j - a scroll of blinking
 l - a scroll of enchant armour {unknown}
 p - a scroll of holy word {unknown}
 q - 4 scrolls of identify
 r - 4 scrolls of remove curse
 t - a scroll of immolation {unknown}
Potions
 e - a potion of curing
 g - a potion of haste
 h - 2 potions of magic
 i - a potion of berserk rage
 k - a potion of cancellation {unknown}
 o - 2 potions of mutation {unknown}
 s - 2 potions of cure mutation {unknown}
 u - a potion of flight {unknown}
Books
 c - a book of Maledictions

   Spells                             Type                      Level
   a - Corona                         Hexes                        1
   b - Ensorcelled Hibernation        Hexes/Ice                    2
   c - Confuse                        Hexes                        3
   d - Tukima's Dance                 Hexes                        3
   e - Dazzling Spray                 Conjuration/Hexes            3
Comestibles
 d - 2 bread rations


   Skills:
 + Level 3.0 Short Blades
 + Level 4.7 Dodging
 * Level 7.5 Stealth
 * Level 5.4 Spellcasting
 + Level 4.7 Hexes
 + Level 0.7 Ice Magic


You had 9 spell levels left.
You knew the following spells:

 Your Spells              Type           Power        Failure   Level  Hunger
a - Corona                Hex            ###....      1%          1    None
b - Ensorcelled Hibernat  Hex/Ice        ##....       10%         2    #......


Dungeon Overview and Level Annotations

Branches:
Dungeon (1/1)

Altars:


Innate Abilities, Weirdness & Mutations

You are tiny and cannot use many weapons and most armour.
You have supernaturally acute eyesight.
You are a herbivore.
You cover ground extremely quickly.
You need consume almost no food.


Message History

* * * LOW HITPOINT WARNING * * *
Drink which item? (? for menu, Esc to quit)
You feel better. The human completely misses you.
You hit the human.
The human is almost dead.
The human completely misses you.
You closely miss the human.
The human is almost dead.
The human barely misses you.
Casting: Corona
Confirm with . or Enter, or press ? or * to list all spells.
Aiming: Corona
Press: ? - help, Shift-Dir - straight line, f/p - human
Aim: a human (almost dead, chance to defeat MR: 57%)
The human is outlined in light.
The human misses you.
You hit the human.
The human is almost dead.
The human hits you!
Ouch! That really hurt!
You die...

▓▓▓▓▓▓▓▓▓▓▓▓
▓<.#@p'....♣ ♣
▓..#..#....♣.♣
▓#'####....♣.♣
▓.....#....≈♣♣
▓....%#...≈≈.♣
▓....[#..≈≈≈≈♣.
▓####'#..≈≈≈≈≈≈♣
▓.....#.≈≈≈≈≈≈..
▓...[.#.≈≈≈≈≈...


You could see a human.

Vanquished Creatures
  Crazy Yiuf (D)
  Jessica (D)
  3 rats (D)
5 creatures vanquished.

Vanquished Creatures (others)
  A yaktaur (D)
1 creature vanquished.

Grand Total: 6 creatures vanquished

Notes
Turn   | Place    | Note
--------------------------------------------------------------
     0 | D        | Kidiri the Spriggan Enchanter began the quest for the Orb.
     0 | D        | Reached XP level 1. HP: 9/9 MP: 5/5
    13 | D        | Noticed Jessica
    16 | D        | Killed Jessica
    16 | D        | Reached skill level 6 in Stealth
    16 | D        | Reached XP level 2. HP: 13/13 MP: 5/8
    23 | D        | Learned a level 2 spell: Ensorcelled Hibernation
    42 | D        | Killed a yaktaur
    92 | D        | Noticed Crazy Yiuf
    99 | D        | Killed Crazy Yiuf
    99 | D        | Reached skill level 7 in Stealth
    99 | D        | Reached skill level 5 in Spellcasting
    99 | D        | Reached XP level 3. HP: 16/16 MP: 5/10
   153 | D        | Slain by a human

Vault maps used:
D:        dungeon_sprint_mu

Action                   || total
-------------------------++-------
Melee: Dagger            ||    33
 Cast: Corona            ||     5
       Ensorcelled Hiber ||     4
  Use: Potion            ||     2
 Stab: Sleeping          ||     4
